[Event "Titled Tuesday Blitz April 19 Late 2022"]
[White "Noboa Silva, Kevin"]
[Black "Lopez Idarraga, Daniel Eduardo"]
[WhiteFideId "3618471"]
[BlackFideId "4405501"]
[WhiteElo "2172"]
[BlackElo "2055"]
[Result "0-1"]
[Round "04"]
[TimeControl "180+1"]
[Date "2022.04.19"]
[WhiteClock "0:00:17"]
[BlackClock "0:00:30"]

1. e4 c5 2. c3 d5 3. exd5 Qxd5 4. d4 Nc6 5. Nf3 Bf5 6. Be3 cxd4 7. Nxd4 Nf6 8. Na3 e6 9. Nab5 O-O-O 10. Qa4 a6 11. Nxc6 Bc5 12. Nba7+ Kc7 13. Nxd8 Rxd8 14. Qc4 Qxc4 15. Bxc4 Bxe3 16. fxe3 Kb6 17. Rd1 Rxd1+ 18. Kxd1 Kxa7 19. h3 Ne4 20. Rf1 h5 21. Rxf5 exf5 22. Bxf7 h4 23. Ke2 Kb6 24. Bg6 Nd6 25. Kf3 Kc5 26. Kf4 Nc4 27. b3 Nb2 28. Bxf5 Nd1 29. e4 Nxc3 30. e5 Nxa2 31. Kg5 Nc1 32. Bc8 Nxb3 33. Bxb7 a5 34. Be4 a4 35. Bc2 Kd5 36. Kf5 Nc5 37. Kg6 a3 38. Bb1 Kxe5 39. Ba2 Kf4 40. Kh5 Kg3 41. Kg5 Na4 42. Kh5 Nc3 43. Bc4 a2 44. Bxa2 Nxa2 45. Kg6 Nc3 46. Kxg7 Nd1 47. Kg6 Ne3 48. Kg5 Nxg2 49. Kf5 Nf4 50. Ke4 Nxh3 51. Ke3 Kg2 52. Ke2 Ng5 53. Ke3 h3 54. Kf4 h2 55. Kg4 h1=Q 56. Kf5 Qf1+ 57. Kg6 Nh3 58. Kh5 Ng1 59. Kg4 Qc4+ 60. Kf5 Kf3 61. Kg6 Qd5 62. Kf6 Kf4 63. Kg7 Qe6 64. Kh8 Qd7 65. Kg8 Kf5 66. Kh8 Kg6 67. Kg8 Qd8# 0-1


[Site "https://www.chess.com"]

[Event "Titled Tuesday Blitz April 19 Late 2022"]
[White "Onslow, Alfie"]
[Black "Ronka, Erik"]
[WhiteFideId "436976"]
[BlackFideId "505080"]
[WhiteElo "1884"]
[BlackElo "2264"]
[Result "0-1"]
[Round "04"]
[TimeControl "180+1"]
[Date "2022.04.19"]
[WhiteClock "0:00:02"]
[BlackClock "0:00:19"]

1. Nf3 g6 2. c4 Bg7 3. d4 d6 4. b3 e5 5. dxe5 dxe5 6. Qxd8+ Kxd8 7. Bb2 Nd7 8. Nc3 c6 9. O-O-O Kc7 10. Ne4 Nh6 11. h4 f6 12. h5 Nf7 13. g4 Nf8 14. g5 fxg5 15. h6 Nxh6 16. Nxe5 Ne6 17. Bh3 Nf5 18. Nf7 Bxb2+ 19. Kxb2 Rf8 20. Nfxg5 Nxg5 21. Nxg5 h5 22. e4 Ne7 23. Bxc8 Rxf2+ 24. Kc3 Rxc8 25. Ne6+ Kb6 26. c5+ Ka6 27. Rd4 b5 28. Rd7 Ng8 29. Nc7+ Ka5 30. b4+ Ka4 31. Ne6 Rf3+ 32. Kd4 Ra8 33. Nc7 Nf6 34. Rf7 Rd8+ 35. Ke5 Ng4+ 36. Ke6 Rxf7 37. Kxf7 Kxb4 38. Ne6 Rd3 39. Kxg6 Ne5+ 40. Kxh5 Nc4 41. Kg5 Re3 0-1


[Site "https://www.chess.com"]

[Event "Titled Tuesday Blitz April 19 Late 2022"]
[White "Ostrovskiy, Aleksandr"]
[Black "Soysal, Serkan"]
[WhiteFideId "2034239"]
[BlackFideId "6349250"]
[WhiteElo "2340"]
[BlackElo "2440"]
[Result "0-1"]
[Round "04"]
[TimeControl "180+1"]
[Date "2022.04.19"]
[WhiteClock "0:00:02"]
[BlackClock "0:00:43"]

1. d4 d5 2. Bf4 Nf6 3. e3 e6 4. Nd2 Bd6 5. Bg3 b6 6. Ngf3 Bb7 7. Bd3 O-O 8. Ne5 Ne4 9. Bxe4 dxe4 10. h4 f6 11. Nec4 Bxg3 12. fxg3 Nd7 13. Qg4 f5 14. Qf4 Nf6 15. Ne5 Qe7 16. O-O-O Rac8 17. h5 Nd5 18. Qf2 c5 19. dxc5 Rxc5 20. Nb3 Rc7 21. h6 Rfc8 22. Nd4 Qf6 23. Nd3 exd3 24. Rxd3 Nb4 25. Rd2 e5 26. a3 Nd3+ 27. Rxd3 exd4 28. Rd2 Be4 29. Kb1 Rxc2 30. Rxc2 Rxc2 31. Qxc2 Bxc2+ 32. Kxc2 dxe3 33. hxg7 Qd4 34. Rd1 Qc4+ 35. Kb1 0-1


[Site "https://www.chess.com"]

[Event "Titled Tuesday Blitz April 19 Late 2022"]
[White "Ozdemir, Serhan Berat"]
[Black "Sowa, Ryan"]
[WhiteFideId "6374611"]
[BlackFideId "30901693"]
[WhiteElo "1920"]
[BlackElo "2619"]
[Result "0-1"]
[Round "04"]
[TimeControl "180+1"]
[Date "2022.04.19"]
[WhiteClock "0:00:01"]
[BlackClock "0:00:42"]

1. e4 d6 2. d4 Nf6 3. Nc3 c6 4. Nf3 Bg4 5. Be3 e6 6. h3 Bh5 7. Be2 Be7 8. O-O d5 9. e5 Nfd7 10. Nh2 Bg6 11. f4 c5 12. Nf3 Nc6 13. Qd2 O-O 14. g4 f6 15. f5 exf5 16. Nxd5 fxe5 17. Nxe7+ Qxe7 18. dxe5 Ndxe5 19. Qd5+ Kh8 20. Bxc5 Qf7 21. Qxf7 Rxf7 22. Ng5 Rf6 23. Rad1 h6 24. Nf3 fxg4 25. Nxe5 Rxf1+ 26. Rxf1 Nxe5 27. hxg4 Bxc2 28. Bd4 Re8 29. Bb5 Re7 30. Rf8+ Kh7 31. Kg2 Nxg4 32. Bc4 Ne3+ 33. Bxe3 Rxe3 34. Rf7 Kg6 35. Rxb7 Be4+ 0-1


[Site "https://www.chess.com"]

[Event "Titled Tuesday Blitz April 19 Late 2022"]
[White "Palacio,Igor Da Paz"]
[Black "Miszler, Levente"]
[WhiteFideId "2121140"]
[BlackFideId "763276"]
[WhiteElo "2144"]
[BlackElo "1966"]
[Result "0-1"]
[Round "04"]
[TimeControl "180+1"]
[Date "2022.04.19"]
[WhiteClock "0:00:01"]
[BlackClock "0:02:21"]

1. e4 e6 2. Nc3 a6 3. g3 b5 4. Bg2 Bb7 5. a3 g6 6. Nge2 Bg7 7. O-O Ne7 8. d3 O-O 9. Be3 d6 10. d4 c5 11. dxc5 dxc5 12. Qxd8 Rxd8 13. Bxc5 Nec6 14. Rad1 Nd7 15. Be3 Nde5 16. b3 Ng4 17. Bb6 Rdc8 18. h3 Nf6 19. f4 b4 20. Nb1 bxa3 21. Nxa3 Nb4 22. c3 Na2 23. Bd4 Nxe4 24. Bxg7 Kxg7 25. Bxe4 Bxe4 26. Nb1 Bxb1 27. Rxb1 Nxc3 28. Nxc3 Rxc3 29. Kg2 Rb8 30. Rf3 Rc2+ 31. Rf2 Rc3 32. Rf3 Rxf3 33. Kxf3 a5 0-1


[Site "https://www.chess.com"]

[Event "Titled Tuesday Blitz April 19 Late 2022"]
[White "Pesotskiy, Mikhail"]
[Black "Tanenbaum, Zachary"]
[WhiteFideId "34164453"]
[BlackFideId "2060850"]
[WhiteElo "2010"]
[BlackElo "2168"]
[Result "0-1"]
[Round "04"]
[TimeControl "180+1"]
[Date "2022.04.19"]
[WhiteClock "0:00:11"]
[BlackClock "0:01:27"]

1. d4 d5 2. c4 Bf5 3. cxd5 Bxb1 4. Rxb1 Qxd5 5. Nf3 Nc6 6. e3 O-O-O 7. Qa4 e5 8. Bc4 Qe4 9. Ra1 Bb4+ 10. Kf1 exd4 11. Bb5 Nge7 12. a3 Bc5 13. b4 Bb6 14. exd4 Nxd4 15. Be3 Nxf3 16. gxf3 Qxf3 17. Bxb6 Qxh1+ 18. Ke2 Qe4+ 19. Be3 a6 20. f3 Qd5 21. Rd1 Qxd1+ 22. Qxd1 Rxd1 23. Kxd1 axb5 0-1


[Site "https://www.chess.com"]

[Event "Titled Tuesday Blitz April 19 Late 2022"]
[White "Petesch, Gabriel"]
[Black "Kostiukov, Alexandr"]
[WhiteFideId "2032465"]
[BlackFideId "14108100"]
[WhiteElo "2374"]
[BlackElo "2202"]
[Result "1-0"]
[Round "04"]
[TimeControl "180+1"]
[Date "2022.04.19"]
[WhiteClock "0:00:10"]
[BlackClock "0:00:07"]

1. Nf3 g6 2. g3 c5 3. Bg2 Bg7 4. O-O Nf6 5. d4 cxd4 6. Nxd4 d5 7. Nc3 O-O 8. Nb3 Nc6 9. e4 dxe4 10. Nxe4 Nxe4 11. Bxe4 Bh3 12. Re1 Qxd1 13. Rxd1 Rad8 14. Re1 Nd4 15. Be3 b6 16. c3 Nf5 17. Bf4 e5 18. Bxf5 Bxf5 19. Bxe5 Rfe8 20. Bxg7 Kxg7 21. Nd4 Bd7 22. f4 h5 23. Kf2 h4 24. a4 Kf6 25. a5 Rxe1 26. Kxe1 hxg3 27. hxg3 Rh8 28. axb6 axb6 29. Ra6 Rh1+ 30. Kf2 Rh2+ 31. Ke3 Rxb2 32. Ra7 Be6 33. Rc7 g5 34. Rc6 gxf4+ 35. gxf4 Ke7 36. f5 Bd5 37. Rc7+ Kd6 38. Ra7 Ke5 39. Re7+ Be6 40. Ra7 Bxf5 41. Rxf7 Be6 42. Rc7 Bd5 43. Re7+ Kd6 44. Nf5+ Kc5 45. Rc7+ Bc6 46. Nd4 Kd6 47. Rxc6+ Kd5 48. Kd3 b5 49. Rh6 b4 50. c4+ Ke5 51. Rh5+ Kd6 52. c5+ Kc7 53. Kc4 b3 54. Nxb3 Rc2+ 55. Kb5 Rc3 56. Rh7+ Kc8 57. Nd4 Rd3 58. Kc6 Rxd4 59. Rh8+ Rd8 60. Rxd8+ Kxd8 61. Kb7 Kd7 62. c6+ Kd6 63. c7 1-0


[Site "https://www.chess.com"]

[Event "Titled Tuesday Blitz April 19 Late 2022"]
[White "Petrova, Irina"]
[Black "Karwowski, Kacper"]
[WhiteFideId "14124122"]
[BlackFideId "1126032"]
[WhiteElo "1993"]
[BlackElo "2261"]
[Result "1-0"]
[Round "04"]
[TimeControl "180+1"]
[Date "2022.04.19"]
[WhiteClock "0:00:57"]
[BlackClock "0:00:01"]

1. e4 e5 2. Nf3 Nc6 3. Bb5 a6 4. Ba4 Nf6 5. d3 b5 6. Bb3 Bc5 7. Nc3 d6 8. Nd5 h6 9. c3 O-O 10. Nxf6+ Qxf6 11. Bd5 Bd7 12. Rg1 Rab8 13. g4 Qg6 14. g5 hxg5 15. Nxg5 Ne7 16. Bb3 Qf6 17. Qe2 d5 18. Bd2 dxe4 19. dxe4 Bc6 20. O-O-O b4 21. Rg2 bxc3 22. Bxc3 Bd4 23. Bxd4 exd4 24. Rdg1 Ng6 25. Nxf7 Qf4+ 26. Kb1 Bxe4+ 27. Ka1 Rxb3 28. axb3 Rxf7 29. Rxg6 Bxg6 30. Rxg6 1-0


[Site "https://www.chess.com"]

[Event "Titled Tuesday Blitz April 19 Late 2022"]
[White "Piliczewski, Bogusz"]
[Black "Vujic, Mihailo"]
[WhiteFideId "1104144"]
[BlackFideId "918873"]
[WhiteElo "1896"]
[BlackElo "2256"]
[Result "0-1"]
[Round "04"]
[TimeControl "180+1"]
[Date "2022.04.19"]
[WhiteClock "0:00:01"]
[BlackClock "0:01:39"]

1. d4 d5 2. Nf3 Nc6 3. Bf4 Bg4 4. e3 f6 5. Be2 e5 6. dxe5 Bxf3 7. Bxf3 fxe5 8. Bg3 Nf6 9. O-O e4 10. Be2 Bd6 11. Bxd6 Qxd6 12. c4 d4 13. exd4 Qxd4 14. Qxd4 Nxd4 15. Nc3 O-O-O 16. Rad1 Rhe8 17. Rfe1 e3 18. fxe3 Rxe3 19. Kf2 Re5 20. Bf3 Nxf3 21. gxf3 Rxe1 22. Rxd8+ Kxd8 23. Kxe1 Ke7 24. Kf2 Ke6 25. Ke3 Kf5 26. Ne4 Nxe4 27. fxe4+ Ke5 28. c5 g5 29. h3 h5 30. b4 c6 31. a3 g4 32. h4 g3 33. Kf3 g2 34. Kxg2 Kxe4 35. Kg3 Ke3 36. a4 a6 37. Kg2 Kf4 38. Kf2 Kg4 39. Ke3 Kxh4 40. Kf4 Kh3 41. Kf3 h4 42. a5 Kh2 43. Kf2 h3 44. Kf1 Kg3 45. Kg1 Kf3 46. Kh2 Ke4 47. Kxh3 Kd4 48. Kg4 Kc4 49. Kf5 Kxb4 50. Ke6 Kxc5 51. Kd7 Kb5 52. Kc7 c5 53. Kxb7 c4 54. Kc7 c3 0-1


[Site "https://www.chess.com"]

[Event "Titled Tuesday Blitz April 19 Late 2022"]
[White "Potapova, Margarita"]
[Black "Zherebtsova, Alexandra"]
[WhiteFideId "14126869"]
[BlackFideId "24129518"]
[WhiteElo "2216"]
[BlackElo "2025"]
[Result "1-0"]
[Round "04"]
[TimeControl "180+1"]
[Date "2022.04.19"]
[WhiteClock "0:01:23"]
[BlackClock "0:00:02"]

1. d4 d5 2. c4 e6 3. Nf3 Nf6 4. Nc3 Be7 5. Bf4 b6 6. e3 Bb7 7. Bg3 O-O 8. cxd5 Nxd5 9. Bd3 Nd7 10. O-O c5 11. Nxd5 Bxd5 12. e4 Bb7 13. d5 exd5 14. exd5 Bf6 15. Rb1 Re8 16. Bb5 Rc8 17. Qa4 Nf8 18. Bxe8 Qxe8 19. Qxe8 Rxe8 20. d6 Rd8 21. b3 Ne6 22. Rbd1 Nd4 23. Nxd4 Bxd4 24. Rfe1 Bc6 25. Re7 a5 26. Rc7 Bb5 27. a4 Ba6 28. Re1 Kf8 29. Ree7 Bf6 30. Rxf7+ Kg8 31. Rfd7 Re8 32. h4 Re1+ 33. Kh2 h5 34. Ra7 Bd3 35. Rdc7 Bc2 36. d7 Rd1 37. Rc6 Kh7 38. Rd6 Rxd6 39. Bxd6 Bxb3 40. Bc7 Bxa4 41. d8=Q Bxd8 42. Bxd8 c4 43. Bxb6 c3 44. Rc7 c2 45. Bxa5 1-0


[Site "https://www.chess.com"]

[Event "Titled Tuesday Blitz April 19 Late 2022"]
[White "Pourkashiyan, Atousa"]
[Black "Mangialardo, Tiago Carvalho"]
[WhiteFideId "12502014"]
[BlackFideId "2130718"]
[WhiteElo "2247"]
[BlackElo "2051"]
[Result "1-0"]
[Round "04"]
[TimeControl "180+1"]
[Date "2022.04.19"]
[WhiteClock "0:00:40"]
[BlackClock "0:00:03"]

1. e4 e5 2. Nf3 Nc6 3. Bb5 a6 4. Ba4 Nf6 5. O-O Be7 6. Re1 d6 7. c3 O-O 8. Bxc6 bxc6 9. d4 exd4 10. cxd4 Bg4 11. Nc3 Re8 12. h3 Bh5 13. Bf4 Qb8 14. b3 Qb4 15. Rc1 Bg6 16. e5 Nd7 17. Bd2 Qb7 18. Ne4 dxe5 19. dxe5 Ba3 20. Rc4 Nxe5 21. Nxe5 Rxe5 22. Bf4 Ree8 23. Nc5 Bxc5 24. Rxc5 Qb6 25. Rxe8+ Rxe8 26. Re5 Rxe5 27. Qd8+ 1-0


[Site "https://www.chess.com"]

[Event "Titled Tuesday Blitz April 19 Late 2022"]
[White "Przybylski, Wojciech"]
[Black "Hernandez Bermudez, Ulises Eduardo"]
[WhiteFideId "1117599"]
[BlackFideId "3902510"]
[WhiteElo "2133"]
[BlackElo "2056"]
[Result "1-0"]
[Round "04"]
[TimeControl "180+1"]
[Date "2022.04.19"]
[WhiteClock "0:01:52"]
[BlackClock "0:02:07"]

1. d4 Nf6 2. c4 g6 3. Nc3 Bg7 4. e4 d6 5. h3 O-O 6. Nf3 c5 7. d5 e6 8. Bd3 exd5 9. cxd5 b5 10. O-O b4 11. Ne2 Re8 12. Ng3 Ba6 13. Re1 Bxd3 14. Qxd3 Nbd7 15. Bg5 Qc7 16. Rac1 h6 17. Bf4 Nh7 18. Rc2 Ne5 19. Nxe5 Bxe5 20. Bxh6 g5 21. Nf5 f6 22. g3 Qf7 23. f4 gxf4 24. gxf4 Bd4+ 25. Nxd4 cxd4 26. Rg2+ Kh8 27. Bg7+ Kg8 28. Bxf6+ Kf8 29. Bg7+ Kg8 30. Bxd4+ Kf8 31. Bg7+ Kg8 32. Be5+ Kf8 33. Bxd6+ Re7 34. e5 Re8 35. e6 Qh5 36. Qd4 Qxh3 37. Qh8# 1-0


[Site "https://www.chess.com"]

[Event "Titled Tuesday Blitz April 19 Late 2022"]
[White "Rasulov, Vugar"]
[Black "Martinez Alcantara, Jose Eduardo"]
[WhiteFideId "13402390"]
[BlackFideId "3805662"]
[WhiteElo "2560"]
[BlackElo "2690"]
[Result "0-1"]
[Round "04"]
[TimeControl "180+1"]
[Date "2022.04.19"]
[WhiteClock "0:00:04"]
[BlackClock "0:00:08"]

1. d4 Nf6 2. c4 e6 3. Nf3 Bb4+ 4. Bd2 Qe7 5. g3 Bxd2+ 6. Qxd2 Nc6 7. Nc3 d5 8. Ne5 O-O 9. Bg2 dxc4 10. Nxc6 bxc6 11. O-O Rb8 12. Rfd1 Rd8 13. Qc2 Ba6 14. Na4 Nd7 15. e3 c5 16. h4 h6 17. Rd2 cxd4 18. Rxd4 Ne5 19. Rad1 Nd3 20. Rxd8+ Rxd8 21. Qd2 Rd6 22. Qa5 Qd7 23. Bf1 g6 24. h5 g5 25. b4 Bb7 26. Nc3 Qc6 27. e4 Qb6 28. Qxb6 axb6 29. a3 Rd7 30. f3 f5 31. Bxd3 cxd3 32. Kf2 f4 33. gxf4 gxf4 34. Rd2 c5 35. Na4 c4 36. Nc3 Rd8 37. a4 Kf7 38. Ke1 Kf6 39. Rg2 Ke5 40. Kd2 Bc6 41. Rg6 Bd7 42. Rxh6 Rg8 43. Rg6 Rh8 44. Rg5+ Kf6 45. Rg6+ Kf7 46. Rg5 Kf6 47. Rg6+ Ke7 48. Rg7+ Kd6 49. Rg5 Be8 50. a5 bxa5 51. bxa5 Bxh5 52. Nb5+ Ke7 53. e5 Bxf3 54. Nd4 Bd5 55. Rg7+ Kf8 56. Rg4 Rh2+ 57. Kc3 d2 58. Rxf4+ Ke8 59. Rf1 Rh3+ 60. Kc2 Be4+ 61. Kxd2 Rd3+ 62. Ke2 Rxd4 63. Ke3 Bd3 64. Kxd4 Bxf1 65. a6 Kd7 66. a7 Bg2 67. Kxc4 Kc7 68. Kc5 Kb7 69. Kd6 Bd5 0-1


[Site "https://www.chess.com"]

[Event "Titled Tuesday Blitz April 19 Late 2022"]
[White "Rengifo Blancas, Renzo Jhonathan"]
[Black "Isajevsky, Anton"]
[WhiteFideId "3807185"]
[BlackFideId "4142500"]
[WhiteElo "2058"]
[BlackElo "2510"]
[Result "0-1"]
[Round "04"]
[TimeControl "180+1"]
[Date "2022.04.19"]
[WhiteClock "0:01:25"]
[BlackClock "0:00:25"]

1. e4 g6 2. d4 Bg7 3. Nc3 a6 4. f4 b5 5. Nf3 Bb7 6. Bd3 d6 7. Qe2 e6 8. e5 Ne7 9. O-O O-O 10. Ng5 c5 11. exd6 Qxd6 12. dxc5 Qxc5+ 13. Be3 Qc7 14. Kh1 Nbc6 15. Qf2 Nb4 16. Qh4 h6 17. Nge4 Nf5 18. Qf2 Nxd3 19. cxd3 Nxe3 20. Qxe3 Rfd8 21. Rad1 Rd7 22. Nd2 Rad8 23. Nf3 Bxc3 24. Rc1 Rxd3 25. Rxc3 Rxe3 26. Rxc7 Bxf3 27. gxf3 Rd2 28. f5 exf5 29. Rc8+ Kg7 30. Rg1 Rxf3 0-1


[Site "https://www.chess.com"]

[Event "Titled Tuesday Blitz April 19 Late 2022"]
[White "Reprintsev, Alexander"]
[Black "Hasangatin, Ramil"]
[WhiteFideId "14100541"]
[BlackFideId "4122160"]
[WhiteElo "2500"]
[BlackElo "2679"]
[Result "0-1"]
[Round "04"]
[TimeControl "180+1"]
[Date "2022.04.19"]
[WhiteClock "0:00:18"]
[BlackClock "0:01:20"]

1. e4 d5 2. exd5 Qxd5 3. Nc3 Qd6 4. Nf3 Nf6 5. d4 c6 6. g3 Bg4 7. Bf4 Qd8 8. Be2 e6 9. Ne5 Bxe2 10. Nxe2 Nd5 11. Qd2 Nd7 12. Nc4 Nxf4 13. Qxf4 Nf6 14. O-O-O Qd5 15. b3 Bb4 16. a3 Be7 17. Nc3 Qd8 18. Kb2 O-O 19. Rhe1 Nd5 20. Qd2 b5 21. Ne5 Bxa3+ 22. Kxa3 b4+ 23. Ka2 Nxc3+ 24. Kb2 Nxd1+ 25. Rxd1 Qd6 26. Nc4 Qe7 27. Ra1 Rfd8 28. Ra5 c5 29. Rxc5 Qxc5 30. dxc5 Rxd2 31. Nxd2 Rc8 32. Ne4 f5 33. Ng5 Rc6 34. c4 bxc3+ 35. Kc2 h6 36. Nf3 Rxc5 37. b4 Rc4 38. Ne5 Rxb4 39. Kxc3 Re4 0-1


[Site "https://www.chess.com"]

[Event "Titled Tuesday Blitz April 19 Late 2022"]
[White "Ricaurte Lopez, Juan Carlos"]
[Black "Dauner, Benedikt"]
[WhiteFideId "3600327"]
[BlackFideId "16225899"]
[WhiteElo "2209"]
[BlackElo "2230"]
[Result "0-1"]
[Round "04"]
[TimeControl "180+1"]
[Date "2022.04.19"]
[WhiteClock "0:00:53"]
[BlackClock "0:01:08"]

1. e4 g6 2. d4 Nf6 3. Nc3 d5 4. exd5 Nxd5 5. Bc4 Nxc3 6. bxc3 Bg7 7. Nf3 O-O 8. h3 c5 9. O-O b6 10. Re1 Bb7 11. Bg5 Re8 12. Ne5 Bd5 13. Bb5 Rf8 14. dxc5 bxc5 15. Bxe7 Qxe7 16. Qxd5 Bxe5 17. Rxe5 Qf6 18. Rae1 Na6 19. Re7 Rac8 20. Rxa7 Nc7 21. Qc6 Qxc3 22. Re7 Nxb5 23. Qxb5 Qxc2 24. Rec7 Rxc7 25. Rxc7 Qc1+ 26. Kh2 Qf4+ 0-1


[Site "https://www.chess.com"]

[Event "Titled Tuesday Blitz April 19 Late 2022"]
[White "Romanchuk, Viktor"]
[Black "Sanchez, Robert"]
[WhiteFideId "14109271"]
[BlackFideId "2034360"]
[WhiteElo "2242"]
[BlackElo "2392"]
[Result "0-1"]
[Round "04"]
[TimeControl "180+1"]
[Date "2022.04.19"]
[WhiteClock "0:00:01"]
[BlackClock "0:00:13"]

1. d4 d5 2. c4 c6 3. Nc3 Nf6 4. e3 g6 5. Nf3 Bg7 6. Be2 dxc4 7. Bxc4 O-O 8. O-O Bg4 9. h3 Bxf3 10. Qxf3 Nbd7 11. Rd1 Qa5 12. Bd2 Qb4 13. Bb3 Qb6 14. Rab1 e5 15. d5 Nc5 16. Bc4 e4 17. Qe2 cxd5 18. Nxd5 Nxd5 19. Bxd5 Rad8 20. Be1 Rfe8 21. Qc4 Rd7 22. b4 Nd3 23. Bxe4 Nb2 24. Rxb2 Rxd1 25. Re2 Qe6 26. Qxe6 Rxe6 27. Bc2 Rc1 28. Kh2 Be5+ 29. g3 Rc6 30. Be4 Rc7 31. Kg2 Bc3 32. Bxc3 R1xc3 33. Rd2 R3c4 34. Bd5 Rxb4 35. Bb3 Kg7 36. Rd5 Rb6 37. h4 Rbc6 38. g4 Rc5 39. Rd4 h5 40. g5 f6 41. gxf6+ Kxf6 42. f4 Rc3 43. Kf2 a5 44. Rd6+ Kg7 45. Rd4 b5 46. Be6 a4 47. f5 gxf5 48. Bxf5 Rc2+ 49. Kf3 Rxa2 50. Rd5 b4 51. Rd6 b3 52. Rg6+ Kf7 53. Rb6 b2 54. Be6+ Ke7 55. Bxa2 a3 56. Rb3 Rc1 57. Rxa3 b1=Q 58. Bxb1 Rxb1 59. Ra5 Kf6 60. Rxh5 Rb4 61. Rh8 Kg6 62. Kg3 Rb3 63. Re8 Kf5 0-1


[Site "https://www.chess.com"]

[Event "Titled Tuesday Blitz April 19 Late 2022"]
[White "Rosen, Eric"]
[Black "Kanyamarala, Trisha"]
[WhiteFideId "2032562"]
[BlackFideId "45004722"]
[WhiteElo "2362"]
[BlackElo "2079"]
[Result "0-1"]
[Round "04"]
[TimeControl "180+1"]
[Date "2022.04.19"]
[WhiteClock "0:00:05"]
[BlackClock "0:00:03"]

1. e4 c5 2. Nf3 d6 3. Nc3 Nc6 4. Bc4 e6 5. O-O Nf6 6. Re1 Be7 7. d3 O-O 8. a3 d5 9. Ba2 a6 10. h3 b5 11. Bf4 b4 12. axb4 cxb4 13. Na4 a5 14. e5 Nd7 15. d4 Ba6 16. c3 Bb5 17. Bb1 Nb6 18. Nxb6 Qxb6 19. Ng5 h6 20. Nh7 Rfb8 21. Bxh6 gxh6 22. Nf6+ Bxf6 23. exf6 Kf8 24. Qg4 Nd8 25. Qg7+ Ke8 26. Bg6 Qb7 27. Qg8+ Kd7 28. Bxf7 Kc6 29. Bxe6 Kb6 30. Bxd5 Bc6 31. Bxc6 Nxc6 32. Qe6 Re8 33. Qxe8 Rxe8 34. Rxe8 Qf7 35. Rae1 Qxf6 36. d5 bxc3 37. bxc3 Nd8 38. c4 Kc5 39. R8e4 a4 40. f4 a3 41. R4e3 a2 42. R3e2 a1=Q 43. Rxa1 Qxa1+ 44. Kf2 Qd4+ 45. Kf3 Qxc4 46. Kg3 Qxe2 47. Kh2 Nf7 48. f5 Nd6 49. Kg3 Qe5+ 50. Kh4 Nxf5+ 51. Kh5 Nd4+ 52. Kxh6 Qg3 53. h4 Nf5+ 54. Kh5 Ne7 55. d6 Kxd6 56. Kh6 Qxg2 57. Kh7 Nf5 58. Kh8 Qg7# 0-1


[Site "https://www.chess.com"]

[Event "Titled Tuesday Blitz April 19 Late 2022"]
[White "Rustemov, Alexander"]
[Black "Jessel, Stephen"]
[WhiteFideId "4119002"]
[BlackFideId "628859"]
[WhiteElo "2723"]
[BlackElo "2534"]
[Result "1-0"]
[Round "04"]
[TimeControl "180+1"]
[Date "2022.04.19"]
[WhiteClock "0:00:19"]
[BlackClock "0:00:07"]

1. d4 e6 2. c4 b6 3. e4 Bb7 4. Bd3 Bb4+ 5. Bd2 Bxd2+ 6. Qxd2 f5 7. Nc3 Nf6 8. f3 Nc6 9. exf5 Nxd4 10. Qe3 c5 11. Nge2 Nxe2 12. Qxe2 O-O 13. fxe6 Re8 14. O-O-O Rxe6 15. Qd2 Bc6 16. Rhe1 Rxe1 17. Qxe1 Qe8 18. Qxe8+ Rxe8 19. Kd2 g5 20. Rf1 Kg7 21. g3 d5 22. cxd5 Nxd5 23. Nxd5 Bxd5 24. a3 Rd8 25. Ke3 Re8+ 26. Be4 Re7 27. Rd1 Bb7 28. h3 h5 29. g4 hxg4 30. hxg4 Bxe4 31. fxe4 Kf6 32. Rd6+ Re6 33. Rd7 Re7 34. Rd5 Re5 35. Rd8 Re7 36. a4 Rh7 37. Kd3 Rh4 38. Rd6+ Kf7 39. Rd7+ Kf6 40. Rxa7 Rxg4 41. Rb7 Ke5 42. Rxb6 Rg3+ 43. Kc4 Kxe4 44. Kxc5 Rg1 45. b4 Ra1 46. a5 g4 47. Rg6 Kf5 48. Rg8 Rc1+ 49. Kb6 Kf4 50. b5 Kf3 51. a6 g3 52. a7 Ra1 53. a8=Q+ 1-0


[Site "https://www.chess.com"]

[Event "Titled Tuesday Blitz April 19 Late 2022"]
[White "Rytenko, Vsevolod"]
[Black "Urbina Perez, Juan Antonio"]
[WhiteFideId "14133040"]
[BlackFideId "2217368"]
[WhiteElo "2120"]
[BlackElo "2192"]
[Result "1-0"]
[Round "04"]
[TimeControl "180+1"]
[Date "2022.04.19"]
[WhiteClock "0:01:52"]
[BlackClock "0:01:02"]

1. d4 d5 2. c4 c6 3. Nc3 Nf6 4. Nf3 a6 5. e3 Bf5 6. Qb3 Ra7 7. a4 e6 8. Nh4 Bg6 9. Nxg6 hxg6 10. Be2 Bd6 11. h3 Nbd7 12. c5 Bc7 13. Qc2 e5 14. b4 Qe7 15. Bb2 exd4 16. exd4 Ne4 17. Nxe4 Qxe4 18. Qxe4+ dxe4 19. Kd2 O-O 20. Kc2 Nf6 21. b5 Raa8 22. Rhe1 Nd5 23. Bc4 Rfe8 24. Re2 Nf4 25. Re3 Nxg2 26. Rb3 axb5 27. axb5 Rxa1 28. Bxa1 e3 29. fxe3 Nxe3+ 30. Kd3 Nf5 31. bxc6 Re3+ 32. Kc2 Rxb3 33. Bxb3 bxc6 34. Ba4 Ne7 35. Kd3 Kf8 36. Bc3 Ke8 37. d5 Bf4 38. d6 Nf5 39. Bxc6+ Kd8 40. Ba5+ 1-0


[Site "https://www.chess.com"]

[Event "Titled Tuesday Blitz April 19 Late 2022"]
[White "Salem, A.R. Saleh"]
[Black "Lin, Dachey"]
[WhiteFideId "9301348"]
[BlackFideId "2029650"]
[WhiteElo "2657"]
[BlackElo "2313"]
[Result "1/2-1/2"]
[Round "04"]
[TimeControl "180+1"]
[Date "2022.04.19"]
[WhiteClock "0:00:04"]
[BlackClock "0:00:13"]

1. Nf3 g6 2. e4 Bg7 3. d4 c6 4. h3 d5 5. Nbd2 dxe4 6. Nxe4 Nd7 7. Be2 Ngf6 8. Ng3 O-O 9. O-O Qc7 10. Re1 e5 11. c3 exd4 12. Qxd4 Nh5 13. Qh4 Nxg3 14. fxg3 Re8 15. Bf4 Qb6+ 16. Kh2 Nf6 17. Bc4 Be6 18. Rxe6 fxe6 19. Ng5 Qxb2 20. Be5 h6 21. Nxe6 Nd5 22. Bxg7 Rxe6 23. Qxh6 Qxa1 24. Bd4 Re7 25. Qxg6+ Kf8 26. Bc5 Qe1 27. Bxd5 cxd5 28. Qf6+ Ke8 29. Qh8+ Kd7 30. Qxa8 Rf7 31. Qxb7+ Ke6 32. Qc6+ Kf5 33. Qxd5+ Kg6 34. Qd3+ Kg7 35. Bd4+ Kf8 36. Bc5+ Kg7 37. Bd4+ Kf8 38. Qg6 Ke8 39. Bc5 Qf1 40. Qe6+ Kd8 41. Bd4 Qf5 42. Qd6+ Qd7 43. Qb8+ Ke7 44. Qe5+ Kd8 45. h4 Rf1 46. Qb8+ Ke7 47. Qe5+ Kd8 48. Qe2 Qf5 49. h5 Qb1 50. Kh3 Qf5+ 51. g4 Qf4 52. g3 Qc1 53. Kg2 Rd1 54. Bf2 Rd2 55. Qf3 Rd7 56. Qf4 Qxc3 57. h6 Qc6+ 58. Qf3 Qxh6 59. Qa8+ Ke7 60. Bc5+ Kf7 61. Qf3+ Qf6 62. Qb3+ Qe6 63. Qf3+ Kg7 64. Be3 Qd5 65. Qxd5 Rxd5 66. Bxa7 Rd2+ 67. Kf3 Rxa2 68. Bd4+ Kg6 69. Be5 Ra4 70. Bf4 Ra3+ 71. Kg2 Ra4 72. Kf3 Ra2 73. Be3 Ra4 74. Bf4 1/2-1/2


[Site "https://www.chess.com"]

[Event "Titled Tuesday Blitz April 19 Late 2022"]
[White "Sanal, Vahap"]
[Black "Solon, Nathan"]
[WhiteFideId "6300545"]
[BlackFideId "2017229"]
[WhiteElo "2603"]
[BlackElo "2574"]
[Result "1-0"]
[Round "04"]
[TimeControl "180+1"]
[Date "2022.04.19"]
[WhiteClock "0:02:33"]
[BlackClock "0:01:12"]

1. e4 c5 2. Nf3 Nc6 3. c3 Nf6 4. e5 Nd5 5. Bc4 Nb6 6. Bb3 c4 7. Bc2 d6 8. exd6 Qxd6 9. O-O e5 10. a4 Bg4 11. a5 Nd5 12. a6 b5 13. Na3 Rb8 14. h3 Bh5 15. d3 cxd3 16. Qxd3 Nc7 17. Qxd6 Bxd6 18. Be4 Na5 19. Be3 Bg6 20. Bxa7 1-0


[Site "https://www.chess.com"]